 Dungeon Crawl Stone Soup version bcrawl-1.37.2 (webtiles) character file.

Game seed: 7206346737761165314

184772 Mehrunes the Slasher (level 8, 0/44 HPs)
             Began as a Skeleton Skald on Oct 28, 2022.
             Was a Follower of Ru.
             Hit by a stone thrown by an orc warrior (8 damage)
             ... on level 6 of the Dungeon.
             The game lasted 00:17:42 (7835 turns).

Mehrunes the Slasher (Skeleton Skald)               Turns: 7835, Time: 00:17:43

Health: 0/44       AC:  3    Str: 18      XL:     8   Next: 68%
Magic:  0/15       EV: 11    Int: 11      God:    Ru [*.....]
Gold:   415        SH:  1    Dex:  6 (8)  Spells: 9/17 levels left

rFire    . . .     GDR:     25% a - +0 long sword
rCold    + . .     SeeInvis .   (no shield)
rNeg     + + +     Gourm    .   b - +0 leather armour
rPois    ∞         Faith    .   (no helmet)
rElec    .         Spirit   +   (no cloak)
rCorr    .         Reflect  .   (no gloves)
MR       +....                  (no boots)
Stlth    ++........             d - amulet of magic regeneration
HPRegen  0.17/turn              r - ring "Liolyina" {+Inv +Fly Int-3 Stlth+}
MPRegen  0.32/turn              (no ring)

@: infused, no scrolls
A: no food or potions, cold resistance 1, deterioration 1, negative energy
resistance 3, powered by death 1, torment resistance, unbreathing, magic shield,
inability to read while threatened, sturdy frame 1, spell healing
a: Renounce Religion, Evoke Invisibility, Evoke Flight


You were on level 6 of the Dungeon.
You worshipped Ru.
Ru was aware of your devotion.
You were not hungry.

You visited 1 branch of the dungeon, and saw 6 of its levels.

You collected 415 gold pieces.

Inventory:

Hand Weapons
 a - a +0 long sword (weapon)
 o - a +0 blowgun
Missiles
 p - 80 poisoned needles
 q - a throwing net {=f}
Armour
 b - a +0 leather armour (worn)
 h - a +0 chain mail
Jewellery
 d - an amulet of magic regeneration (around neck)
 m - the amulet "Zidgheu" {Spirit Int+2}
   (You found it on level 4 of the Dungeon)

   [amulet of guardian spirit]

   It causes incoming damage to be split between your health and magic.
   It affects your intelligence (+2).
 r - the ring "Liolyina" (left hand) {+Inv +Fly Int-3 Stlth+}
   (You found it on level 6 of the Dungeon)

   [ring of flight]

   It affects your intelligence (-3).
   It lets you turn invisible.
   It lets you fly.
   It makes you more stealthy.
 t - a +5 amulet of reflection {unknown}
Wands
 j - a wand of flame (16)
Scrolls
 c - 5 scrolls of remove curse
 e - a scroll of fear
 f - 2 scrolls of blinking {unknown}
 g - 4 scrolls of fog
 i - a scroll of immolation {unknown}
 k - 2 scrolls of enchant weapon
 l - 5 scrolls of teleportation {unknown}
 n - 2 scrolls of magic mapping {unknown}
 s - a scroll of amnesia {unknown}


   Skills:
 - Level 2.0 Fighting
 + Level 7.8 Long Blades
 + Level 6.9 Armour
 - Level 2.0 Dodging
 - Level 5.0 Spellcasting
 - Level 5.0 Hexes
 - Level 5.0 Charms


You had 9 spell levels left.
You knew the following spells:

 Your Spells              Type           Power        Failure   Level  Hunger
a - Infusion              Chrm           ##......     2%          1    N/A
b - Song of Slaying       Chrm           ##......     4%          2    N/A
c - Swiftness             Chrm/Air       #.......     12%         2    N/A
d - Spectral Weapon       Hex/Chrm       ##......     9%          3    N/A

Your spell library contained the following spells:

 Spells                   Type           Power        Failure   Level  Hunger
 Necrotize                Necr           #.....       22%         1    N/A
 Ozocubu's Armour         Chrm/Ice       #.......     24%         3    N/A
 Passwall                 Tmut/Erth      #.......     32%         2    N/A
 Sticks to Snakes         Tmut           #.......     32%         2    N/A
 Vampiric Draining        Necr           #.........   54%         3    N/A
 Agony                    Necr           #.......     91%         4    N/A
 Animate Dead             Necr           N/A          91%         4    N/A
 Dispel Undead            Necr           #.......     99%         5    N/A
 Beastly Appendage        Tmut           Unusable     N/A         1    N/A
 Regeneration             Chrm/Necr      Unusable     N/A         3    N/A
 Spider Form              Tmut/Pois      Unusable     N/A         3    N/A
 Ice Form                 Ice/Tmut       Unusable     N/A         4    N/A
 Blade Hands              Tmut           Unusable     N/A         5    N/A

Dungeon Overview and Level Annotations

Branches:
Dungeon (6/12)             Temple (0/1) D:4

Altars:
Ashenzari
Dithmenos
Hepliaklqana
Makhleb
Ru
Trog
Vehumet

Shops:
D:4 ?

Annotations:
D:4 2 transporters, foxfromabyss's ghost, novice GnSA


Innate Abilities, Weirdness & Mutations

You do not eat or drink.
You are immune to poison.
Your flesh is cold resistant. (rC+)
Your body sometimes deteriorates upon taking damage.
You are immune to negative energy. (rN+++)
You regenerate a little health from kills.
You are immune to unholy pain and torment.
You can survive without breathing.
When hurt, damage is shared between your health and your magic reserves.
You cannot read scrolls while threatened.
Your movements are slightly less encumbered by armour. (ER -2)
Casting spells heals you.


Message History

Casting: Infusion (safe; 2% risk of failure)
Confirm with . or Enter, or press ? or * to list all spells.
You extend your infusion's duration.
The orc warrior throws a stone.
The stone hits you.
You feel threatened and lose the ability to read scrolls!
The orc warrior hits you with a +0 mace!
You hit the orc warrior.
The orc warrior is lightly wounded.
Your spectral weapon hits the orc warrior but does no damage.
The orc warrior hits you with a +0 mace.
You barely miss the orc warrior.
The orc warrior is lightly wounded.
Your spectral weapon hits the orc warrior but does no damage.
The orc warrior hits you with a +0 mace!
* * * LOW HITPOINT WARNING * * *
You cannot read scrolls in your current state!
The orc warrior throws a stone.
The stone barely misses your spectral weapon.
The stone hits you!
You die...

..........###### #..#
..........########..#
....................#
....................#
....................#
....................#
.................>#
.........!...)..######
####%.....$..)@.......
#..........(.......
#..................
#..........o.......
#.###########...... #.
...... ....%. ......
.....


You could see an orc warrior and a friendly spectral +0 long sword.

Vanquished Creatures
  3 ice beasts
  3 ogres
  A kobold brigand (D:4)
  A bullfrog (D:6)
  2 scorpions (D:4)
  A jelly (D:6)
  A howler monkey (D:6)
  3 orc priests (D:5)
  3 crimson imps
  A quasit (D:6)
  3 hounds
  2 orc wizards (D:5)
  2 bullfrog skeletons
  Jessica (D:2)
  A worker ant (D:4)
  A killer bee zombie (D:5)
  A hound zombie (D:6)
  2 hound skeletons
  A gnoll (D:3)
  A howler monkey skeleton (D:5)
  7 adders
  A shadow imp (D:5)
  An ooze (D:3)
  An adder zombie (D:5)
  6 worms
  4 leopard geckos
  15 orcs
  6 bats
  3 giant cockroaches
  11 goblins
  18 hobgoblins
  14 jackals
  17 kobolds
  3 quokkas
  2 ball pythons (D:3)
  A ball python skeleton (D:4)
  4 frilled lizards (D:1)
  2 quokka skeletons
  14 rats
164 creatures vanquished.

Vanquished Creatures (others)
  A plant (D:3)
  2 spectral weapons
3 creatures vanquished.

Grand Total: 167 creatures vanquished

Notes
Turn   | Place    | Note
-------+----------+-------------------------------------------
     0 | D:1      | Mehrunes the Skeleton Skald began the quest for the Orb.
     0 | D:1      | Reached XP level 1. HP: 12/12 MP: 4/4
   103 | D:1      | Reached XP level 2. HP: 17/17 MP: 0/6
   637 | D:1      | Learned a level 2 spell: Song of Slaying
   640 | D:1      | Learned a level 2 spell: Swiftness
   694 | D:1      | Reached XP level 3. HP: 21/21 MP: 8/8
   846 | D:1      | Reached skill level 3 in Long Blades
   949 | D:2      | Noticed Jessica
   960 | D:2      | Killed Jessica
  1047 | D:2      | Reached XP level 4. HP: 20/26 MP: 4/9
  1630 | D:2      | Learned a level 3 spell: Spectral Weapon
  1939 | D:2      | Found a shadowy altar of Dithmenos.
  1954 | D:2      | Found a shattered altar of Ashenzari.
  1955 | D:2      | Found a burning altar of Makhleb.
  1964 | D:2      | Found a bloodstained altar of Trog.
  1970 | D:2      | Found a glowing golden altar of the Shining One.
  1972 | D:2      | Found a hazy altar of Hepliaklqana.
  2590 | D:3      | Reached XP level 5. HP: 9/30 MP: 4/11
  2747 | D:3      | Reached skill level 1 in Hexes
  3002 | D:3      | Found a sacrificial altar of Ru.
  3024 | D:3      | Became a worshipper of Ru the Awakened
  3846 | D:3      | Reached skill level 4 in Long Blades
  3946 | D:4      | Noticed an ice beast
  4048 | D:4      | Found a staircase to the Ecumenical Temple.
  4066 | D:4      | Got a smoking ruby amulet
  4068 | D:4      | Identified the amulet "Zidgheu" {Spirit Int+2} (You found
                  | it on level 4 of the Dungeon)
  4080 | D:4      | Gained mutation: You regenerate a little health from kills.
                  | [Skeleton growth]
  4080 | D:4      | Reached XP level 6. HP: 24/35 MP: 5/13
  4469 | D:4      | Reached skill level 5 in Spellcasting
  4522 | D:4      | Found a transporter.
  4522 | D:4      | Noticed foxfromabyss's ghost (novice GnSA)
  4526 | D:4      | Found Zuditz's Magic Scroll Boutique.
  4546 | D:4      | Found a transporter.
  4607 | D:4      | Killed an ice beast
  4608 | D:4      | Reached skill level 5 in Charms
  4680 | D:4      | Found a radiant altar of Vehumet.
  4721 | D:4      | Reached XP level 7. HP: 34/40 MP: 9/14
  4779 | D:4      | Reached skill level 5 in Long Blades
  4918 | D:5      | Entered Level 5 of the Dungeon
  4942 | D:5      | Gained mutation: You cannot read scrolls while threatened.
                  | [Ru sacrifice]
  4942 | D:5      | Reached * piety under Ru
  4981 | D:4      | HP: 2/40 [ogre/cursed -2 giant club (11)]
  5198 | D:4      | Found a staircase to the Ecumenical Temple.
  5307 | D:4      | Found a radiant altar of Vehumet.
  5376 | D:4      | Found Zuditz's Magic Scroll Boutique.
  5379 | D:4      | Found a transporter.
  5481 | D:4      | Found a transporter.
  5578 | D:4      | Found a radiant altar of Vehumet.
  5822 | D:4      | Found a staircase to the Ecumenical Temple.
  5980 | D:4      | Found a transporter.
  5996 | D:4      | Found Zuditz's Magic Scroll Boutique.
  6015 | D:4      | Found a transporter.
  6564 | D:5      | Reached skill level 5 in Armour
  6704 | D:5      | Reached skill level 6 in Long Blades
  6875 | D:5      | Reached XP level 8. HP: 22/44 MP: 7/15
  7063 | D:5      | Reached skill level 5 in Hexes
  7180 | D:5      | Reached skill level 7 in Long Blades
  7638 | D:6      | Got a scorched platinum ring
  7649 | D:6      | Identified the ring "Liolyina" {+Inv +Fly Int-3 Stlth+}
                  | (You found it on level 6 of the Dungeon)
  7835 | D:6      | Hit by a stone thrown by an orc warrior

Skill      XL: |  1  2  3  4  5  6  7  8 |
---------------+-------------------------+-----
Long Blades    | 3 4 6 7 |  7.8
Armour         | 2 3 5 6 |  6.9
Charms         | 4 5 |  5.0
Spellcasting   | 4 5 |  5.0
Hexes          | 1 2 4 5 |  5.0
Fighting       | |  2.0
Dodging        | |  2.0

Action                   |  1- 3 |  4- 6 |  7- 9 || total
-------------------------+-------+-------+-------++-------
Melee: Long sword        |   100 |   259 |   170 ||   529
 Fire: Blowgun           |       |       |     3 ||     3
 Cast: Infusion          |    17 |    41 |    28 ||    86
       Spectral Weapon   |       |     5 |    21 ||    26
       Song of Slaying   |       |       |     1 ||     1
Invok: Sacrifice Words   |       |       |     1 ||     1
  Use: Scroll            |       |     1 |     3 ||     4
Armor: Leather armour    |    30 |    56 |    31 ||   117
Dodge: Dodged            |    78 |   191 |   117 ||   386
Block: Other             |       |     1 |     8 ||     9
